 Dungeon Crawl Stone Soup version 0.29.1-15-g9cfb28693d (webtiles) character file.

Game seed: 6355988459109317666

469 croobank the Sneak (level 7, -3/46 (48) HPs)
             Began as an Octopode Delver on Mar 11, 2023.
             Was an Initiate of Gozag.
             Slain by a centaur
             ... wielding a +0 club
              (7 damage)
             ... on level 5 of the Dungeon.
             The game lasted 00:15:51 (4819 turns).

croobank the Sneak (Octopode Delver)                Turns: 4819, Time: 00:15:51

HP:   -3/46 (48)    AC:  1    Str: 11    XL:     7   Next: 9%
MP:   7/10          EV: 14    Int: 15    God:    Gozag
Gold: 268           SH:  0    Dex: 13    Spells: 4/10 levels left

rFire   . . .      SeeInvis .   d - +1 dagger
rCold   . . .      Faith    .   (no shield)
rNeg    . . .      Spirit   .   (helmet currently unavailable)
rPois   .          Reflect  .   (no amulet)
rElec   .          Harm     .   j - ring of resist corrosion
rCorr   +          Rampage  .   (no ring)
Will    .....                   (no ring)
Stlth   +++++.....              (no ring)
HPRegen 0.15/turn               (no ring)
MPRegen 0.12/turn               (no ring)
                                (no ring)
                                (no ring)

@: appendages (expiring), gold aura, lightly drained
A: tentacle spike 3, almost no armour, amphibious, 8 rings, camouflage 1,
gelatinous body 1, (nimble swimmer 1), tentacles
a: End Transformation, Renounce Religion, Potion Petition, Call Merchant, Bribe
Branch


You were on level 5 of the Dungeon.
You worshipped Gozag.
Gozag was aware of your devotion.
One of your tentacles had grown a beastly spike.
You visited 2 branches of the dungeon, and saw 9 of its levels.

You collected 446 gold pieces.
You paid 178 gold pieces to Gozag.

Inventory:

Hand Weapons
 a - a +0 hand axe
 b - a +0 sling
 c - a +0 mace
 d - a +1 dagger (weapon)
 g - a +0 flail
Missiles
 o - 3 javelins (quivered)
 s - a throwing net
Magical Staves
 i - a staff of fire
 q - a staff of conjuration
Jewellery
 j - a ring of resist corrosion (left tentacle)
 p - a ring of ice
Wands
 f - a wand of digging (3)
 r - a wand of flame (10)
Scrolls
 h - 2 scrolls of fog
 k - a scroll of amnesia
 u - 3 scrolls of immolation
 v - 2 scrolls of blinking
 w - 3 scrolls of teleportation
 y - 2 scrolls of poison
Potions
 e - 2 potions of lignification
 m - a potion of resistance
 n - 2 potions of curing
 t - 4 potions of heal wounds {unknown}
 x - 2 potions of mutation {unknown}
 z - a potion of cancellation {unknown}
 A - a potion of brilliance {unknown}


   Skills:
 + Level 4.2 Fighting
 - Level 3.3 Axes
 + Level 3.6 Dodging
 + Level 7.9 Stealth
 * Level 2.0 Spellcasting
 * Level 2.3 Transmutations
 + Level 0.7 Ice Magic


You had 4 spell levels left.
You knew the following spells:

 Your Spells              Type           Power      Damage    Failure   Level
a - Beastly Appendage     Tmut           16%        N/A       9%          1
b - Wereblood             Tmut           8%         N/A       13%         2
c - Frozen Ramparts       Ice            6%         1d1       43%         3

Your spell library contained the following spells:

 Spells                   Type           Power      Damage    Failure   Level
 Freeze                   Ice            12%        1d4       16%         1
 Apportation              Tloc           2%         N/A       22%         1
 Necrotise                Necr           4%         1d4       22%         1
 Summon Small Mammal      Summ           4%         N/A       22%         1
 Spider Form              Tmut/Pois      5%         N/A       38%         3
 Ozocubu's Armour         Ice            3%         N/A       43%         3
 Vampiric Draining        Necr           1%         2d6       54%         3
 Hailstorm                Conj/Ice       2%         3d3       88%         4
 Agony                    Necr           1%         N/A       99%         5
 Ozocubu's Refrigeration  Ice            1%         4d7       100%        7


Dungeon Overview and Level Annotations

Branches:
Dungeon (8/15)             Temple (1/1) D:4
   Lair: D:8-11

Altars:
Ashenzari
Dithmenos
Gozag
Okawaru
Qazlal
Sif Muna
Trog
Wu Jian
Zin
The Shining One

Annotations:
D:4 Grinder


Innate Abilities, Weirdness & Mutations

One of your tentacles has grown a beastly spike.
You cannot wear most types of armour.
You are amphibious.
You can wear up to eight rings at the same time.
Your skin changes colour to match your surroundings (Stealth+).
Your rubbery body absorbs attacks. (AC +1, EV +1)
((You are camouflaged when in or above water. (Stealth+)))
You have tentacles for arms and can constrict up to eight enemies at once.


Message History

You feel drained. The centaur hits you with a +0 club. The centaur kicks you.
You hit the orc priest but do no damage.
You grab the orc priest.
You constrict the orc priest, but do no damage.
The centaur hits you with a +0 club. The centaur closely misses you.
The orc priest looks satisfied for a moment.
The centaur closely misses you.
The centaur kicks you but does no damage.
You hit the centaur.
Your tentacle spike misses the centaur.
The centaur is moderately wounded.
Your transformation is almost over.
Your primal bloodlust has ended.
You constrict the orc priest. The orc priest barely misses you.
The centaur closely misses you. The centaur misses you.
You hit the centaur.
The centaur is heavily wounded.
You constrict the orc priest, but do no damage.
The centaur hits you with a +0 club.
* * * LOW HITPOINT WARNING * * *
The centaur closely misses you. Something hits you.
* * * LOW HITPOINT WARNING * * *
The orc priest barely misses you. The centaur hits you with a +0 club!
* * * LOW HITPOINT WARNING * * *
The centaur barely misses you.
It was a potion of curing.
You feel better.
You constrict the orc priest. Something hits you.
* * * LOW HITPOINT WARNING * * *
The orc priest casts a cantrip, but nothing happens.
The centaur barely misses you.
The centaur kicks you but does no damage.
Okay, then.
As you read the scroll of fear, it crumbles to dust.
You assume a fearsome visage.
The centaur resists with some effort.
The iguana looks frightened!
The orc priest looks frightened!
You constrict the orc priest, but do no damage.
The centaur completely misses you. The centaur kicks you.
* * * LOW HITPOINT WARNING * * *
The orc priest struggles to escape constriction.
The centaur hits you with a +0 club!
You die...
Your body crumbles into a pile of gold.

*,,,* *#.# *##*,,,, *,,,* #.#####
###(#*****
,,,,*#######.....#######>..#>,,,,
,,,,,......................#*****
,,,,***#..)(....#...<$..(###***,*
,,,,* ***#.<..l###......# ***,,,
,,,,* #.......#..#######*,,,,
***** #.....oc.........#**,,,
**** #.....@###..######***,*
,..########....?.# ##...# ******
.#..............## ###o########*
...#####........# #.........,
....<....#####.#########......#,,
....###### #..#.5..c...###.#..*
....,********##...#............#,
≈≈≈≈,~~~~~~~,,,.....#######..##.,
###≈,~*****~**,.....#** *#.#...*


You could see a centaur, an iguana (fleeing) and an orc priest (fleeing).

Vanquished Creatures
  A black bear (D:4)
  Blork the orc (D:4)
  2 scorpions
  A howler monkey (D:4)
  A hound (D:5)
  An orc wizard (D:4)
  3 adders
  An ufetubus (D:6)
  3 dart slugs
  4 orcs
  4 bats
  3 endoplasms
  A giant cockroach (D:3)
  13 goblins
  4 hobgoblins
  5 kobolds
  5 quokkas
  6 ball pythons
  2 frilled lizards
  5 rats
66 creatures vanquished.

Notes
Turn   | Place    | Note
-------+----------+-------------------------------------------
     0 | D:5      | croobank the Octopode Delver began the quest for the Orb.
     0 | D:5      | Reached XP level 1. HP: 16/16 MP: 1/1
    12 | D:5      | Noticed a scorpion
    29 | D:5      | Noticed a centaur
    34 | D:5      | Noticed a hound
   316 | D:6      | Reached XP level 2. HP: 21/21 MP: 2/2
   418 | D:7      | Noticed an ice beast
   418 | D:7      | Noticed a centaur
   418 | D:7      | Noticed an electric eel
   418 | D:7      | Noticed an electric eel
   555 | D:7      | Noticed a scorpion
   558 | D:7      | Killed a scorpion
   559 | D:7      | Reached skill level 7 in Stealth
   559 | D:7      | Reached XP level 3. HP: 26/26 MP: 3/3
   559 | D:7      | Reached XP level 4. HP: 31/31 MP: 4/4
   570 | D:7      | Noticed a centaur
   582 | D:8      | Noticed a centaur
   628 | D:7      | Noticed a water moccasin
   649 | D:4      | Noticed Blork the orc
   653 | D:4      | Killed Blork the orc
   654 | D:4      | Reached XP level 5. HP: 17/37 MP: 5/5
  1048 | D:4      | Learned a level 1 spell: Beastly Appendage
  1051 | D:4      | Learned a level 2 spell: Wereblood
  1062 | D:4      | Noticed a black bear
  1075 | D:4      | Killed a black bear
  1076 | D:4      | Reached skill level 1 in Spellcasting
  1076 | D:4      | Reached skill level 1 in Transmutations
  1076 | D:4      | Reached XP level 6. HP: 19/43 MP: 4/7
  1442 | D:4      | Found a staircase to the Ecumenical Temple.
  1451 | Temple   | Entered the Ecumenical Temple
  1498 | D:4      | Noticed Grinder
  1517 | D:4      | Found an ornate altar of the Wu Jian Council.
  1621 | D:3      | Found a glowing silver altar of Zin.
  1627 | D:3      | Found a stormy altar of Qazlal.
  1675 | D:3      | Found an iron altar of Okawaru.
  1849 | D:1      | Found a faded altar of an unknown god.
  3316 | Temple   | Became a worshipper of Gozag Ym Sagoz the Greedy
  3675 | D:3      | Found a glowing golden altar of the Shining One.
  4127 | D:3      | Learned a level 3 spell: Frozen Ramparts
  4797 | D:5      | Reached XP level 7. HP: 48/48 MP: 5/9
  4817 | D:5      | HP: 1/46 [centaur/+0 club (7)]
  4819 | D:5      | Slain by a centaur

Illustrated notes

Levels and vault maps discovered:
D:1:      amcnicky_arrival_single_pillar, layout_basic,
          dreamdust_ecumenical_altar_angels_and_demons, amethyst_killhole
D:2:      layout_basic, nrook_campfire
D:3:      layout_loops_ring, nicolae_tso_carved_into_rock,
          kennysheep_okawaru_gauntlet, nicolae_qazlal_scattered_showers,
          mainiacjoe_overflow_six_doors_small
D:4:      layout_rooms, mainiacjoe_overflow_boulevard,
          minmay_temple_entry_poolview, serial_rivers,
          chequers_serial_rivers_micro_b, chequers_serial_rivers_marsh,
          chequers_serial_rivers_large_b, chequers_serial_rivers_micro_c,
          chequers_serial_rivers_micro_e, dk_vineyard_3, minmay_quantized,
          uniq_blork_the_orc, uniq_grinder
D:5:      layout_rooms, nemelex_altar_shiori, nicolae_overflow_two_pavilions,
          dreamdust_gnoll_farm
D:6:      layout_loops_corners, minmay_fractal_squares_diagonal_5, uniq_menkaure
D:7:      statuecave_lemuel, layout_rooms, hangedman_decor_growths
D:8:      layout_rooms, erik_lair_dragon, mrwooster_statue_mirror, uniq_maurice,
          uniq_grum
Temple:   nicolae_temple_god_jail

Skill      XL: |  1  2  3  4  5  6  7 |
---------------+----------------------+-----
Stealth        | 7 |  7.9
Axes           | 3 |  3.3
Dodging        | 3 |  3.6
Fighting       | 4 |  4.2
Spellcasting   | 1 2 |  2.0
Transmutations | 1 2 |  2.3
Ice Magic      | |  0.7

Action                   |  1- 3 |  4- 6 |  7- 9 || total
-------------------------+-------+-------+-------++-------
Melee: Hand axe          |     8 |       |       ||     8
       Constrict         |     3 |    24 |     2 ||    29
       Tentacles         |     2 |    23 |     4 ||    29
       Dagger            |     1 |   104 |     9 ||   114
       Kick              |       |     5 |     3 ||     8
Throw: Javelin           |       |     7 |       ||     7
 Cast: Beastly Appendage |       |     5 |     1 ||     6
       Wereblood         |       |     2 |       ||     2
  Use: Scroll            |     2 |    11 |     1 ||    14
       Potion            |     1 |       |     1 ||     2
 Stab: Sleeping          |     2 |    25 |       ||    27
Armor: Skin              |       |     2 |     2 ||     4
Dodge: Dodged            |     9 |    62 |    14 ||    85
